 Dungeon Crawl Stone Soup version 0.27-a0-1188-g73eefd5def (webtiles) character file.

Game seed: 7651329605738099322

270 Lemonice the Skirmisher (level 6, 0/47 HPs)
             Began as a Demonspawn Abyssal Knight on May 21, 2021.
             Was a Follower of Lugonu.
             Killed by divine providence
             ... invoked by an orc priest
              (11 damage)
             ... on level 3 of the Dungeon.
             The game lasted 00:06:28 (4885 turns).

Lemonice the Skirmisher (Demonspawn Abyssal Knight) Turns: 4885, Time: 00:06:28

Health: 0/47       AC:  9    Str: 14    XL:     6   Next: 1%
Magic:  8/8        EV: 11    Int: 14    God:    Lugonu [*.....]
Gold:   120        SH:  0    Dex: 12    Spells: 8/8 levels left

rFire    . . .     SeeInvis .   a - +1 hand axe
rCold    . . .     Faith    .   (no shield)
rNeg     . . .     Spirit   .   b - +0 leather armour
rPois    .         Reflect  .   (no helmet)
rElec    .         Harm     .   (no cloak)
rCorr    .         Rampage  .   (no gloves)
Will     .....                  (no boots)
Stlth    +.........             (no amulet)
HPRegen  0.15/turn              (no ring)
MPRegen  0.11/turn              (no ring)

@: sanguine armoured
A: foul stench 1, sanguine armour 1, demonic magic 1
a: Renounce Religion, Depart the Abyss


You were on level 3 of the Dungeon.
You worshipped Lugonu.
Lugonu was aware of your devotion.
You visited 1 branch of the dungeon, and saw 3 of its levels.
You visited the Abyss 1 time.

You collected 120 gold pieces.

Inventory:

Hand Weapons
 a - a +1 hand axe (weapon)
Missiles
 m - a throwing net
Armour
 b - a +0 leather armour (worn)
Scrolls
 c - a scroll of teleportation {unknown}
 g - 3 scrolls of amnesia {unknown}
 h - a scroll of vulnerability {unknown}
 j - a scroll of immolation {unknown}
 l - 4 scrolls of identify {unknown}
Potions
 d - 2 potions of curing {unknown}
 e - a potion of brilliance {unknown}
 f - a potion of might {unknown}
 i - 2 potions of lignification {unknown}
 k - a potion of magic {unknown}
 n - a potion of heal wounds {unknown}


   Skills:
 + Level 3.5 Fighting
 + Level 3.4 Axes
 + Level 2.8 Armour
 + Level 1.8 Dodging
 * Level 1.9 Spellcasting
 * Level 1.4 Transmutations
 + Level 2.8 Invocations


You had 8 spell levels left.
You didn't know any spells.
Your spell library contained the following spells:

 Spells                   Type           Power      Damage    Failure   Level
 Beastly Appendage        Tmut           10%        N/A       17%         1
 Wereblood                Tmut           5%         N/A       26%         2
 Spider Form              Tmut/Pois      1%         N/A       54%         3
 Ice Form                 Ice/Tmut       3%         N/A       91%         4
 Hydra Form               Tmut           2%         N/A       99%         5


Dungeon Overview and Level Annotations

Branches:
Dungeon (3/15)

Altars:

Shops:
D:2 *


Innate Abilities, Weirdness & Mutations

You may rarely emit foul miasma when damaged in melee.
When seriously injured, your bleeding wounds create armour. (AC +6)
Spells you cast may paralyse adjacent enemies.


Message History

No target in view!
No target in view!
l - 4 scrolls labelled IVVAHA VY DOE (gained 1)
Things that are here:
a +0 whip; 5 poisoned darts; a kobold corpse An orc priest comes into view.
It is wielding a +0 morningstar.
The orc priest shouts!
An orc priest comes into view. It is wielding a +0 club.
The orc priest shouts!
The orc priest moves out of view.
An orc comes into view.
It is wielding a +0 hand axe of distortion.
The orc shouts!
You hear a shout!
An orc comes into view. It is wielding a +0 flail.
The orc shouts!
An orc priest comes into view. It is wielding a +0 club.
The orc priest shouts!
The orc priest calls down the wrath of Beogh upon you.
Beogh smites you!
The orc priest hits you with a +0 morningstar!
Your blood congeals into armour.
The orc hits you but does no damage. Space bends around you.
You completely miss the orc priest. You barely miss the orc.
The orc closely misses you.
The orc priest looks satisfied for a moment.
The orc priest hits you with a +0 morningstar!
* * * LOW HITPOINT WARNING * * *
You emit a cloud of foul miasma!
You hit the orc priest but do no damage.
You hit the orc. The orc hits you but does no damage.
Space warps horribly around you.
* * * LOW HITPOINT WARNING * * *
The orc priest is engulfed in dark miasma.
The orc priest is poisoned.
The orc priest barely misses you. The orc barely misses you.
You hit the orc priest.
The orc priest is severely wounded.
You hit the orc.
The orc priest invokes the aid of Beogh against you.
Beogh smites you!
You die...

#.. #.# #.#
#o# #o# #o#
#o# #@#
#.###o######
#.........#
#.###.####.#
#.# #.# #.#
##.##
#.###...#####
#...........#
#####)..###.#


You could see 3 orc priests and 2 orcs.

Vanquished Creatures
  Jessica (D:3)
  16 gnolls
  2 adders (D:2)
  A worm (D:2)
  An orc (D:3)
  5 ball pythons
  6 endoplasms
  A giant cockroach (D:1)
  8 goblins
  3 hobgoblins
  9 jackals
  7 kobolds
  4 quokkas
  2 bats (D:2)
  6 frilled lizards
  A rat (D:3)
73 creatures vanquished.

Vanquished Creatures (others)
  2 plants (D:1)
2 creatures vanquished.

Grand Total: 75 creatures vanquished

Notes
Turn   | Place    | Note
-------+----------+-------------------------------------------
     0 | Abyss:1  | Lemonice the Demonspawn Abyssal Knight began the quest for
                  | the Orb.
     0 | Abyss:1  | Reached XP level 1. HP: 18/18 MP: 2/2
    22 | Abyss:1  | Noticed a small abomination
    30 | Abyss:1  | Noticed a blink frog
    31 | D:1      | Escaped the Abyss
   147 | D:1      | Reached skill level 1 in Dodging
   503 | D:1      | Gained mutation: You may rarely emit foul miasma when
                  | damaged in melee. [demonic ancestry]
   503 | D:1      | Reached XP level 2. HP: 24/24 MP: 4/4
  1077 | D:2      | Gained mutation: When seriously injured, your bleeding
                  | wounds create armour. (AC +6) [demonic ancestry]
  1077 | D:2      | Reached XP level 3. HP: 21/29 MP: 5/5
  1104 | D:2      | Reached skill level 1 in Spellcasting
  1287 | D:2      | Reached * piety under Lugonu
  1593 | D:2      | Reached XP level 4. HP: 21/35 MP: 6/6
  2432 | D:2      | Found Fisedy's Assorted Antiques.
  2891 | D:1      | Reached XP level 5. HP: 12/41 MP: 7/7
  3384 | D:2      | Reached skill level 1 in Transmutations
  3934 | D:3      | Noticed Jessica
  3946 | D:3      | Killed Jessica
  4665 | D:3      | Gained mutation: Spells you cast may paralyse adjacent
                  | enemies. [demonic ancestry]
  4665 | D:3      | Reached XP level 6. HP: 31/47 MP: 8/8
  4885 | D:3      | Killed from afar by an orc priest

Illustrated notes

Levels and vault maps discovered:
D:1:      tarquinn_simple_flora_water_c, layout_basic
D:2:      layout_loops_ring, serial_shops, nicolae_shop_stone
D:3:      layout_loops_ring, uniq_jessica

Skill      XL: |  1  2  3  4  5 |
---------------+----------------+-----
Dodging        | 1 |  1.8
Axes           | 2 3 |  3.4
Armour         | 2 |  2.8
Spellcasting   | 1 |  1.9
Transmutations | 1 |  1.4
Fighting       | |  3.5
Invocations    | |  2.8

Action                   |  1- 3 |  4- 6 || total
-------------------------+-------+-------++-------
Melee: Hand axe          |    91 |   211 ||   302
Invok: Depart the Abyss  |     1 |       ||     1
Armor: Leather armour    |    29 |    73 ||   102
Dodge: Dodged            |    61 |   127 ||   188

Table legend: (Time is in decaauts)
 A = Elapsed time spent in this place.
 B = Non-inter-level travel time spent in this place.
 C = Inter-level travel time spent in this place.
 D = Time resting spent in this place.
 E = Time spent auto-exploring this place.
 F = Levels seen in this place.
 G = Mean time per level.
                   A        B        C        D        E       F      G
               +--------+--------+--------+--------+--------+-----+--------+
         Total |   4945 |   4910 |     35 |      0 |   4081 |   4 | 1236.2 |
       Dungeon |   4914 |   4879 |     35 |      0 |   4081 |   3 | 1638.0 |
         Abyss |     31 |     31 |      0 |      0 |      0 |   1 |   31.0 |
               +--------+--------+--------+--------+--------+-----+--------+

Top non-repeatable levels by time:
     D:2: 2215 daAuts
     D:1: 1703 daAuts
     D:3: 995 daAuts
 Abyss:1: 31 daAuts
